 Dungeon Crawl Stone Soup version 0.26.1-11-gd32895ea62 (webtiles) character file.

Game seed: 2214030650451397966

1544 phalm the Destroyer (level 8, -1/42 HPs)
             Began as a Deep Elf Conjurer on May 3, 2021.
             Slain by an orc warrior
             ... wielding a +0 flail
              (12 damage)
             ... on level 6 of the Dungeon.
             The game lasted 00:12:34 (7073 turns).

phalm the Destroyer (Deep Elf Conjurer)             Turns: 7073, Time: 00:12:34

Health: -1/42      AC:  3    Str:  4    XL:     8   Next: 56%
Magic:  15/26      EV: 13    Int: 32    God:
Gold:   455        SH:  0    Dex: 13    Spells: 10/17 levels left

rFire    . . .     SeeInvis .   p - +1 dagger (venom)
rCold    . . .     Faith    .   (no shield)
rNeg     . . .     Spirit   .   i - +0 robe (curse)
rPois    .         Reflect  .   (no helmet)
rElec    .         Harm     .   (no cloak)
rCorr    .         Rampage  .   (no gloves)
Will     .....                  m - +0 pair of boots
Stlth    ++........             (no amulet)
HPRegen  0.14/turn              I - +6 ring of intelligence
MPRegen  0.20/turn              W - ring of magical power

@: lethally poisoned (-1 -> -4)
A: no striking features
a: no special abilities


You were on level 6 of the Dungeon.
You visited 1 branch of the dungeon, and saw 6 of its levels.
You also visited: Sewer.

You collected 455 gold pieces.


   Skills:
 + Level 0.9 Fighting
 + Level 1.3 Staves
 + Level 1.0 Armour
 + Level 3.0 Dodging
 - Level 2.4 Stealth
 + Level 1.0 Shields
 + Level 5.3 Spellcasting
 * Level 9.2 Conjurations
 + Level 6.3 Translocations
 + Level 1.2 Evocations


You had 10 spell levels left.
You knew the following spells:

 Your Spells              Type           Power        Failure   Level
m - Magic Dart            Conj           100%         1%          1
s - Searing Ray           Conj           100%         1%          2
X - Iskenderun's Mystic   Conj/Tloc      55%          1%          4

Your spell library contained the following spells:

 Spells                   Type           Power        Failure   Level
 Foxfire                  Conj/Fire      100%         1%          1
 Conjure Flame            Conj/Fire      38%          2%          3
 Dazzling Flash           Conj/Hex       76%          2%          3
 Fulminant Prism          Conj/Hex       19%          8%          4
 Sticky Flame             Conj/Fire      38%          8%          4
 Inner Flame              Hex/Fire       8%           16%         3
 Fireball                 Conj/Fire      19%          21%         5

Inventory:

Hand Weapons
 b - a +0 quarterstaff
   (You found it on level 2 of the Dungeon)
 p - a +1 dagger of venom (weapon)
   (You found it on level 4 of the Dungeon)
Armour
 c - a +0 kite shield
   (You found it on level 1 of the Dungeon)
 i - a cursed +0 robe (worn)
   (You found it on level 2 of the Dungeon)
 m - a +0 pair of boots (worn)
   (You found it on level 2 of the Dungeon)
Jewellery
 F - an uncursed ring of fire
   (You found it on level 3 of the Dungeon)
 I - a +6 ring of intelligence (left hand)
   (You found it on level 2 of the Dungeon)
 W - a ring of magical power (right hand)
   (You took it off an orc on level 6 of the Dungeon)
Wands
 h - a wand of iceblast (5)
   (You found it on level 4 of the Dungeon)
Scrolls
 a - 2 scrolls of enchant weapon
 g - 2 scrolls of remove curse {unknown}
 l - a scroll of enchant armour
 n - a scroll of magic mapping {!r}
 o - 2 scrolls of teleportation {@r4}
 q - 2 scrolls of fear
 s - a scroll of amnesia
Potions
 d - a potion of resistance {unknown}
 e - a potion of might {unknown}
 f - a potion of haste {unknown}
 j - 4 potions of attraction {unknown}
 k - 6 potions of curing {unknown}
 r - a potion of ambrosia {unknown}
 t - a potion of mutation {unknown}

Dungeon Overview and Level Annotations

Branches:
Dungeon (6/15)              Sewer (visited)
 Temple: D:4-7

Altars:
Trog

....#.#..,,,,..#*,..≈≈.......≈≈..
.##..Z,...,,*#.#**...≈≈.....≈≈...
.#*,..*.##.,*#.# *#...≈≈...≈≈...#
,.,...,..,..**,* *#...≈≈#≈≈...##
**#,,*****,,**,######...≈≈≈(..###
###..#*,,,,,,,,#....##...#...###.
......,,,,,,***#.#...##.....##...
###.#*,,,**,* #.#.#.###...#####.
*,**,,,**,* ##@#.#.####'## #.
*,,,,,,>,,* #†o.>........# #.
****,,###** #.Z#########.#####.
******,##...**#..#*,,.**#.....###
,,,,,,,#.....##'##....,##.....#
.,,,,,,#..8....†.†..8..#......#
..,,,,,#.....#####.....##†....#
,##***,##...**,,,**...##......#
,* ***,,##.**,,,,,**.##.#######


You could see an orc warrior and a leopard gecko zombie.


Message History

Aiming: Searing Ray (safe; 1% risk of failure)
Press: ? - help, Shift-Dir - straight line, f/p - worker ant
Aim: a worker ant (severely wounded, 17% to evade)
The searing ray hits the worker ant!
You kill the worker ant! (Press . to maintain the ray.) 😎 MP[-2]
You lost 2 mp, and now have 22/26 mp.
You see here a worker ant corpse.
Found a stone staircase leading down. 😎 MP[+4]
Your mp is fully restored (26).
There is a stone staircase leading down here.
There is a stone staircase leading down here.
There is a stone staircase leading up here.
You open the door. 2 worker ants and a scorpion come into view.
There is an open door here.
The magic dart hits the worker ant but does no damage. 😎 MP[-1]
You lost 1 mp, and now have 25/26 mp.
The magic dart hits the worker ant but does no damage. 😎 MP[-1]
You lost 1 mp, and now have 24/26 mp.
The magic dart hits the worker ant. 😎 MP[-1]
You lost 1 mp, and now have 23/26 mp.
The magic dart hits the worker ant but does no damage.
The worker ant closely misses you. 😎 MP[-1]
You lost 1 mp, and now have 22/26 mp.
An adder, an orc warrior and a zombie come into view.
The adder hisses angrily.
The orc warrior shouts! 😎 MP[+1]
Casting: Magic Dart (safe; 1% risk of failure)
Confirm with . or Enter, or press ? or * to list all spells.
Aiming: Searing Ray (safe; 1% risk of failure)
Press: ? - help, Shift-Dir - straight line, f - worker ant, p - worker ant
Aim: a worker ant (17% to evade)
The searing ray hits the worker ant!
The searing ray hits the scorpion!
The searing ray misses the worker ant. (Press . to maintain the ray.)
The worker ant bites you.
You are poisoned.
The worker ant poisons you!
The worker ant closely misses you. 😕 HP[-3] MP[-2]
You take 3 damage, and now have 39/42 hp.
You lost 2 mp, and now have 21/26 mp.
The searing ray hits the worker ant.
You kill the worker ant!
The searing ray hits the scorpion!
The searing ray hits the worker ant!!
You kill the worker ant!
You feel sick. 😕 HP[-1] MP[-1]
You take 1 damage, and now have 38/42 hp.
You lost 1 mp, and now have 20/26 mp.
The searing ray hits the scorpion!
You kill the scorpion!
You feel sick.
Your Armour skill increases to level 1!
Your Dodging skill increases to level 3!
Your Shields skill increases to level 1! 😕 HP[-1] MP[-1]
You take 1 damage, and now have 37/42 hp.
You lost 1 mp, and now have 19/26 mp.
Casting: Searing Ray (safe; 1% risk of failure)
Confirm with . or Enter, or press ? or * to list all spells.
Aiming: Searing Ray (safe; 1% risk of failure)
Press: ? - help, Shift-Dir - straight line, f - orc warrior
Aim: an orc warrior, wielding a +0 flail and wearing a +0 plate armour (17% to evade)
The searing ray hits the orc warrior. (Press . to maintain the ray.)
You feel sick.
The orc warrior hits you with a +0 flail!!
Ouch! That really hurt!
* * * LOW HITPOINT WARNING * * *
😨 HP[-24] MP[-2]
You take 24 damage, and now have 13/42 hp.
MASSIVE DAMAGE!! (PAUSE)
You lost 2 mp, and now have 17/26 mp.
There is an open door here. 😨 HP[+1] MP[+1]
You feel sick. 😨 HP[-1]
You take 1 damage, and now have 13/42 hp.
You feel sick.
There is a stone staircase leading up here. 😨 HP[-1]
You take 1 damage, and now have 12/42 hp.
You feel sick. 😨 HP[-1]
You take 1 damage, and now have 11/42 hp.
Casting: Searing Ray (safe; 1% risk of failure)
Confirm with . or Enter, or press ? or * to list all spells.
You erupt in a blast of force!
The mystic blast hits the orc warrior but does no damage.
The mystic blast hits the adder!
You kill the adder!
The orc warrior hits you with a +0 flail!
You die...

Skill      XL: |  1  2  3  4  5  6  7  8 |
---------------+-------------------------+-----
Conjurations   | 5 6 7 8 9 |  9.2
Translocations | 2 3 4 5 6 |  6.3
Spellcasting   | 4 5 |  5.3
Staves         | 1 |  1.3
Evocations     | 1 |  1.2
Armour         | 1 |  1.0
Dodging        | 3 |  3.0
Shields        | 1 |  1.0
Fighting       | |  0.9
Stealth        | |  2.4

Action                   |  1- 3 |  4- 6 |  7- 9 || total
-------------------------+-------+-------+-------++-------
Melee: Dagger            |     2 |       |       ||     2
 Cast: Magic Dart        |    75 |    89 |   114 ||   278
       Searing Ray       |       |     9 |    25 ||    34
       Iskenderun's Myst |       |       |     3 ||     3
  Use: Scroll            |       |       |     6 ||     6
 Stab: Sleeping          |     1 |       |       ||     1
Armor: Robe              |       |     1 |     3 ||     4
Dodge: Dodged            |     3 |     9 |    14 ||    26

Levels and vault maps discovered:
D:1:      beargit_arrival_greenhouse, layout_basic
D:2:      layout_loops_cross
D:3:      layout_loops_cross
D:4:      layout_loops_corners, uniq_natasha
D:5:      layout_loops_ring, kennysheep_mini, guppyfry_early_orc_mine
D:6:      minmay_octagon_keep, layout_loops_cross, portal_sewer_entry_f,
          kennysheep_diamond, minmay_statues_item

Notes
Turn   | Place    | Note
-------+----------+-------------------------------------------
     0 | D:1      | phalm the Deep Elf Conjurer began the quest for the Orb.
     0 | D:1      | Reached XP level 1. HP: 10/10 MP: 6/6
     0 | D:1      | magus.rc [v1.9.10]
   160 | D:1      | Reached XP level 2. HP: 15/15 MP: 6/8
   167 | D:1      | Learned a level 2 spell: Searing Ray
   183 | D:1      | Reached skill level 5 in Conjurations
   796 | D:1      | Reached XP level 3. HP: 19/19 MP: 7/9
  1251 | D:2      | Reached skill level 6 in Conjurations
  1516 | D:2      | Reached XP level 4. HP: 24/24 MP: 5/10
  1521 | D:2      | Learned a level 4 spell: Iskenderun's Mystic Blast
  1825 | D:3      | Noticed an ice beast
  1834 | D:3      | Killed an ice beast
  1835 | D:3      | Reached skill level 2 in Translocations
  1835 | D:3      | Reached XP level 5. HP: 28/28 MP: 6/11
  2250 | D:3      | Reached skill level 7 in Conjurations
  2510 | D:3      | Reached skill level 3 in Translocations
  2926 | D:4      | Reached XP level 6. HP: 25/32 MP: 5/12
  3424 | D:4      | Reached skill level 4 in Translocations
  3425 | D:4      | Noticed Natasha
  3430 | D:4      | Killed Natasha
  3633 | D:4      | Reached XP level 7. HP: 36/36 MP: 7/14
  4050 | D:4      | Reached skill level 8 in Conjurations
  4275 | D:4      | Noticed Natasha
  4278 | D:4      | Killed Natasha
  4529 | D:4      | Noticed Natasha
  4533 | D:4      | Killed Natasha
  4612 | D:5      | Entered Level 5 of the Dungeon
  4669 | D:5      | Reached skill level 4 in Spellcasting
  4669 | D:5      | Reached skill level 5 in Translocations
  5180 | D:5      | Reached XP level 8. HP: 34/41 MP: 7/17
  5218 | D:5      | HP: 9/41 [orc warrior/+0 dire flail (11)]
  5249 | D:5      | Reached skill level 6 in Translocations
  5887 | D:5      | Found a bloodstained altar of Trog.
  6315 | D:6      | Found a glowing drain.
  6317 | D:6      | Reached skill level 9 in Conjurations
  6324 | D:6      | Reached skill level 5 in Spellcasting
  6348 | Sewer    | Entered a sewer
  6605 | Sewer    | You pick up a book of Flames and begin reading...
  6605 | Sewer    | You add the spells Foxfire, Conjure Flame, Inner Flame,
                  | Sticky Flame and Fireball to your library.
  6776 | D:6      | Reached skill level 1 in Staves
  6847 | D:6      | Reached skill level 1 in Evocations
  7067 | D:6      | Reached skill level 1 in Armour
  7067 | D:6      | Reached skill level 3 in Dodging
  7067 | D:6      | Reached skill level 1 in Shields
  7073 | D:6      | Slain by an orc warrior

Vanquished Creatures
  A water moccasin (Sewer)
  An orc warrior (D:5)
  2 ice beasts
  An ogre (D:5)
  A centaur (D:5)
  3 scorpions
  A howler monkey (D:4)
  A jelly (D:6)
  2 bullfrog skeletons (D:4)
  An orc priest (D:5)
  A hound (D:4)
  An orc wizard (D:5)
  3 iguanas (D:4)
  Natasha (thrice) (D:4)
  8 worker ants
  A hound zombie (D:5)
  A howler monkey zombie (D:5)
  A worker ant zombie (D:5)
  4 gnolls (D:3)
  14 adders
  A white imp (D:6)
  An ufetubus (D:5)
  3 worms
  A dart slug (D:2)
  6 leopard geckos
  9 orcs
  10 giant cockroaches
  5 goblins
  3 hobgoblins
  8 jackals
  2 quokkas
  5 ball pythons
  11 bats
  5 frilled lizards
  6 kobolds
  8 rats
135 creatures vanquished.

Table legend:
 A = Non-vault XP
 B = Vault XP
 C = Vault XP percentage of total XP
 D = Non-vault monster count
 E = Vault monster count
 F = Vault count percentage of total count
                 A         B        C        D         E       F
            +---------+---------+-------+---------+---------+-------
      Total |    1590 |     630 |  28.4 |     112 |      23 |  17.0
            +---------+---------+-------+---------+---------+-------
        D:1 |      45 |       0 |   0.0 |      27 |       0 |   0.0
        D:2 |      78 |       0 |   0.0 |      17 |       0 |   0.0
        D:3 |     254 |       0 |   0.0 |      22 |       0 |   0.0
        D:4 |     525 |      35 |   6.2 |      20 |       1 |   4.8
        D:5 |     442 |     226 |  33.8 |      13 |       7 |  35.0
        D:6 |     246 |     224 |  47.7 |      13 |       9 |  40.9
      Sewer |       0 |     145 | 100.0 |       0 |       6 | 100.0
            +---------+---------+-------+---------+---------+-------

Illustrated notes

Table legend:
 A = Kills in this place as a percentage of kills in entire the game.
 B = Kills by you in this place as a percentage of kills by you in the entire game.
 C = Kills by friends in this place as a percentage of kills by friends in the entire game.
 D = Other kills in this place as a percentage of other kills in the entire game.
 E = Experience gained in this place as a percentage of experience gained in the entire game.
 F = Experience gained in this place divided by the number of levels of this place that you have seen.
                   A       B       C       D       E      F
               +-------+-------+-------+-------+-------+----------------------
         Total | 100.0 | 100.0 |   N/A |   N/A | 100.0 | 317.1
       Dungeon |  95.6 |  95.6 |   N/A |   N/A |  93.5 | 345.8
         Sewer |   4.4 |   4.4 |   N/A |   N/A |   6.5 | 145.0
               +-------+-------+-------+-------+-------+----------------------

Table legend: (Time is in decaauts)
 A = Elapsed time spent in this place.
 B = Non-inter-level travel time spent in this place.
 C = Inter-level travel time spent in this place.
 D = Time resting spent in this place.
 E = Time spent auto-exploring this place.
 F = Levels seen in this place.
 G = Mean time per level.
                   A        B        C        D        E       F      G
               +--------+--------+--------+--------+--------+-----+--------+
         Total |   7082 |   6840 |    242 |    157 |   5972 |   7 | 1011.7 |
       Dungeon |   6765 |   6523 |    242 |    157 |   5706 |   6 | 1127.5 |
         Sewer |    317 |    317 |      0 |      0 |    266 |   1 |  317.0 |
               +--------+--------+--------+--------+--------+-----+--------+

Top non-repeatable levels by time:
     D:4: 1620 daAuts
     D:5: 1508 daAuts
     D:3: 1068 daAuts
     D:2: 1000 daAuts
     D:1: 922 daAuts
     D:6: 645 daAuts
   Sewer: 317 daAuts
